 Dungeon Crawl Stone Soup version 0.17.0-73-gb648821 (webtiles) character file.

619 HughJohnson the Cleaver (level 7, -3/85 HPs)
             Began as a Hill Orc Berserker on Dec 10, 2015.
             Was a Priest of Trog.
             Slain by a sky beast (6 damage)
             ... on level 5 of the Dungeon.
             The game lasted 00:16:09 (3333 turns).

HughJohnson the Cleaver (Hill Orc Berserker)        Turns: 3333, Time: 00:16:10

Health: -3/85      AC:  4    Str: 27    XL:     7   Next: 46%
Magic:  7/7        EV: 11    Int:  7    God:    Trog [***...]
Gold:   133        SH:  0    Dex: 10    Spells: 0 memorised, 6 levels left

rFire  . . .     SeeInvis .     r - +0 war axe
rCold  + . .     Clarity  .     y - +1 leather armour {rC+}
rNeg   . . .     SustAt   .     (no shield)
rPois  .         Gourm    .     (no helmet)
rElec  .         Spirit   .     (no cloak)
rCorr  .         Warding  .     (no gloves)
rMut   .         Stasis   .     (no boots)
MR     .....                    (no amulet)
Stlth  ..........               (no ring)
                                (no ring)

@: berserking, very quick, not resistant to hostile enchantments, extremely
unstealthy
A: no striking features
a: Berserk, Trog's Hand, Burn Spellbooks, Renounce Religion


You were on level 5 of the Dungeon.
You worshipped Trog.
Trog was most pleased with you.
You were hungry.

You visited 1 branch of the dungeon, and saw 5 of its levels.

You collected 273 gold pieces.
You spent 140 gold pieces at shops.

Inventory:

Hand Weapons
 a - a +0 hand axe
 o - a +3 hand axe
 r - a +0 war axe (weapon)
Missiles
 i - 23 bolts
 t - 5 tomahawks (quivered)
Armour
 b - a +0 animal skin
 k - a +0 ring mail
 p - a +0 scale mail
 y - a +1 leather armour of cold resistance (worn)
Jewellery
 v - an uncursed ring of fire
Scrolls
 d - 2 scrolls of immolation {unknown}
 g - 5 scrolls of remove curse {unknown}
 m - 4 scrolls of identify {unknown}
 u - a scroll of enchant armour {unknown}
Potions
 e - a potion of resistance {unknown}
 f - a potion of degeneration {unknown}
 h - 3 potions of brilliance {unknown}
 l - a potion of cancellation {unknown}
 n - 3 potions of heal wounds {unknown}
 q - a potion of ambrosia {unknown}
 s - a potion of might {unknown}
 x - 2 potions of curing
 A - a potion of flight
 B - a potion of poison
 C - a potion of lignification
Books
 z - a book of Annihilations

   Spells                             Type                      Level
   a - Poison Arrow                   Conjuration/Poison           6
   b - Chain Lightning                Conjuration/Air              8
   c - Lehudib's Crystal Spear        Conjuration/Earth            8
   d - Glaciate                       Conjuration/Ice              9
   e - Fire Storm                     Conjuration/Fire             9
   Trog disapproves of the use of such an item.
Comestibles
 c - 4 bread rations
 j - 3 meat rations
 w - 4 chunks of flesh


   Skills:
 - Level 3.6 Fighting
 + Level 10.8 Axes
 - Level 2.1 Armour
 - Level 1.5 Dodging


You had 6 spell levels left.
You didn't know any spells.

Dungeon Overview and Level Annotations

Branches:
Dungeon (5/15)             Temple (0/1) D:4

Altars:
Nemelex Xobeh
Vehumet

Shops:
D:5 ![


Message History

The sky beast is almost dead.
The sky beast flickers out of sight!
Deactivating autopickup; reactivate with Ctrl-A.
Something hits you. Something shocks you.
You miss something. Something hits you. Something shocks you.
You barely miss something. Something hits you.
* * * LOW HITPOINT WARNING * * *
Something shocks you.
* * * LOW HITPOINT WARNING * * *
You closely miss something. Something hits you.
* * * LOW HITPOINT WARNING * * *
Something shocks you.
* * * LOW HITPOINT WARNING * * *
A red film seems to cover your vision as you go berserk!
You feel yourself moving faster!
You feel mighty!
You are feeling hungry.
Something hits you.
* * * LOW HITPOINT WARNING * * *
Something shocks you.
You die...

#..# ...# #..# #####
#..# #.... ..## .....
#..# ..... #{)#
##..... #@.# #......
#..###### #.....
#..#.....## #.....
....####....#####....
.....# #.......###...
..... #.∩..###.>.##.
..... #....# ####...
.... ###### ###. ...
#.


There were no monsters in sight!

Vanquished Creatures
  A phantom (D:3)
  A crocodile (D:4)
  An orc priest (D:4)
  A giant frog skeleton (D:4)
  2 centaur skeletons (D:4)
  7 orc wizards (D:4)
  A worker ant (D:4)
  2 adders
  A worm (D:5)
  A giant gecko (D:4)
  24 orcs
  3 giant cockroaches
  8 goblins
  5 hobgoblins
  4 jackals (D:1)
  2 quokkas
  A ball python (D:4)
  8 bats
  A giant gecko zombie (D:5)
  A giant newt (D:3)
  4 kobolds
  4 rats
83 creatures vanquished.

Notes
Turn   | Place    | Note
--------------------------------------------------------------
     0 | D:1      | HughJohnson the Hill Orc Berserker began the quest for the Orb.
     0 | D:1      | Reached XP level 1. HP: 19/19 MP: 1/1
   301 | D:1      | Reached XP level 2. HP: 21/26 MP: 2/2
   354 | D:1      | Reached skill level 5 in Axes
   975 | D:2      | Reached ** piety under Trog
  1013 | D:2      | Found a radiant altar of Vehumet.
  1226 | D:2      | Reached XP level 3. HP: 31/31 MP: 3/3
  2140 | D:3      | Reached skill level 6 in Axes
  2290 | D:3      | Found a sparkling altar of Nemelex Xobeh.
  2339 | D:4      | Reached XP level 4. HP: 39/39 MP: 4/4
  2347 | D:4      | Reached skill level 7 in Axes
  2352 | D:4      | Reached XP level 5. HP: 16/45 MP: 5/5
  2608 | D:4      | Reached skill level 8 in Axes
  2643 | D:4      | Reached XP level 6. HP: 51/51 MP: 6/6
  2647 | D:4      | Reached skill level 9 in Axes
  2678 | D:4      | Noticed a phantom
  2711 | D:3      | Killed a phantom
  2829 | D:4      | Noticed a crocodile
  2834 | D:4      | Killed a crocodile
  2834 | D:4      | Reached skill level 10 in Axes
  2834 | D:4      | Reached XP level 7. HP: 57/57 MP: 7/7
  3009 | D:4      | Reached *** piety under Trog
  3077 | D:4      | Found a staircase to the Ecumenical Temple.
  3113 | D:5      | Entered Level 5 of the Dungeon
  3147 | D:5      | Found Luphuenk's Antique Armour Boutique.
  3290 | D:5      | Found Reock's Distillery.
  3303 | D:5      | Bought a potion of flight for 42 gold pieces
  3303 | D:5      | Bought a potion of curing for 42 gold pieces
  3303 | D:5      | Bought a potion of poison for 14 gold pieces
  3303 | D:5      | Bought a potion of lignification for 42 gold pieces
  3333 | D:5      | HP: 3/85 [something (1)]
  3333 | D:5      | Slain by a sky beast

Action                   |  1- 3 |  4- 6 |  7- 9 || total
-------------------------+-------+-------+-------++-------
Melee: Hand axe          |   125 |    17 |       ||   142
       War axe           |       |    36 |    55 ||    91
Throw: Stone             |     1 |       |       ||     1
       Tomahawk          |       |     3 |     2 ||     5
Invok: Berserk           |     2 |     2 |     2 ||     6
  Eat: Chunk             |     5 |     3 |     3 ||    11
       Fruit             |       |     2 |       ||     2
